 Dungeon Crawl Stone Soup version 0.21.1-1-g345015f (webtiles) character file.

11060 sking99 the Severer (level 11, 0/160 HPs)
             Began as a Hill Orc Fighter on June 28, 2018.
             Was a High Priest of Trog.
             Slain by a hippogriff (3 damage)
             ... on level 11 of the Dungeon.
             The game lasted 00:27:06 (12742 turns).

sking99 the Severer (Hill Orc Fighter)             Turns: 12742, Time: 00:27:08

Health: 0/160      AC: 12    Str: 30    XL:     11   Next: 71%
Magic:  11/11      EV:  8    Int:  8    God:    Trog [*****.]
Gold:   416        SH:  0    Dex: 13    Spells: 10/10 levels left

rFire    + . .     SeeInvis .   b - +2 battleaxe (curse)
rCold    . . .     Gourm    .   (shield currently unavailable)
rNeg     . . .     Faith    +   C - +3 chain mail "Woep" {rPois}
rPois    +         Spirit   .   (no helmet)
rElec    .         Reflect  .   (no cloak)
rCorr    .         Harm     .   (no gloves)
MR       ++...                  (no boots)
Stlth    ..........             A - amulet of faith
HPRegen  1.36/turn              p - ring of protection from fire
MPRegen  0.12/turn              w - +5 ring of strength

@: berserking (expiring), starving, regenerating, very quick
A: no striking features
a: Berserk, Trog's Hand, Brothers in Arms, Burn Spellbooks, Renounce Religion


You were on level 11 of the Dungeon.
You worshipped Trog.
Trog was extremely pleased with you.
You were starving.

You visited 1 branch of the dungeon, and saw 11 of its levels.

You collected 625 gold pieces.
You spent 209 gold pieces at shops.

Inventory:

Hand Weapons
 a - a +0 war axe
 b - a cursed +2 battleaxe (weapon)
Missiles
 g - 2 throwing nets (quivered)
Armour
 c - a +1 shield
 C - the +3 chain mail "Woep" (worn) {rPois}
   (You bought it in a shop on level 7 of the Dungeon)

   It protects you from poison.
Jewellery
 p - a ring of protection from fire (left hand)
 v - an uncursed ring of stealth
 w - a +5 ring of strength (right hand)
 A - an amulet of faith (around neck)
 H - an uncursed ring of wizardry
Wands
 r - a wand of flame (42)
 u - a wand of iceblast (6)
 x - a wand of scattershot (4)
Scrolls
 k - 7 scrolls of remove curse
 m - 2 scrolls of random uselessness
 o - 4 scrolls of teleportation
 t - a scroll of amnesia
 z - 4 scrolls of enchant weapon
Potions
 d - a potion of might
 h - a potion of invisibility {unknown}
 i - 2 potions of brilliance
 j - 2 potions of berserk rage
 n - 7 potions of curing
 s - 2 potions of magic
 B - 2 potions of heal wounds
 D - a potion of cancellation {unknown}
 E - a potion of resistance {unknown}
 F - 2 potions of flight
 G - a potion of lignification {unknown}
 K - a potion of agility
Books
 l - a book of Misfortune

   Spells                             Type                      Level
   a - Confusing Touch                Hexes                        1
   b - Confuse                        Hexes                        3
   c - Gell's Gravitas                Translocation                3
   d - Petrify                        Transmutation/Earth          4
   e - Metabolic Englaciation         Hexes/Ice                    5
   f - Yara's Violent Unravelling     Hexes/Transmutation          5
   Trog disapproves of the use of such an item.
Comestibles
 f - 20 rations


   Skills:
 - Level 13.5 Fighting
 * Level 17.0 Axes
 + Level 4.8 Armour
 - Level 3.2 Shields


You had 10 spell levels left.
You didn't know any spells.

Dungeon Overview and Level Annotations

Branches:
Dungeon (11/15)            Temple (0/1) D:5            Lair (0/6) D:8
    Orc (0/2) D:9

Altars:
Makhleb
Okawaru
Trog
Xom

Shops:
D:7 [   D:9 %

Annotations:
D:11 Maurice


Message History

You barely miss the two-headed ogre.
The two-headed ogre is severely wounded.
You slice the hippogriff!! The hippogriff bites you.
* * * LOW HITPOINT WARNING * * *
The hippogriff pecks you.
* * * LOW HITPOINT WARNING * * *
The hippogriff claws you.
* * * LOW HITPOINT WARNING * * *
The two-headed ogre hits you with a giant club!!
* * * LOW HITPOINT WARNING * * *
The two-headed ogre hits you with a giant spiked club.
* * * LOW HITPOINT WARNING * * *
You dice the two-headed ogre like an onion!!!
You kill the two-headed ogre!
Trog accepts your kill.
Your Axes skill increases to level 17!
You hit the hippogriff. The hippogriff barely misses you.
The hippogriff pecks you but does no damage.
The hippogriff claws you.
You die...

#########
#.......#
#<#####.# ###
#.# #.# #.#
...####@#
#....)H#
#.....{#
.........
..........
..(....[...
............
........#....
.#.###..#....#


You could see a hippogriff.

Vanquished Creatures
  2 two-headed ogres
  The ghost of eyesofgods1 the Carver, a novice DsFi of Okawaru (D:8)
  An ugly thing (D:9)
  A gargoyle (D:10)
  A troll (D:11)
  A wyvern (D:8)
  8 yaks
  A vampire (D:10)
  A human (D:7)
  Eustachio (D:6)
  2 hogs (D:7)
  Edmund (D:4)
  A water moccasin (D:6)
  2 porcupines (D:8)
  Duvessa (D:4)
  5 orc warriors
  5 ice beasts
  4 sky beasts
  2 black bears
  2 centaurs
  7 ogres
  A phantom (D:9)
  4 big kobolds
  2 crocodiles (D:8)
  Blork the orc (D:4)
  6 bullfrogs
  Dowan (D:4)
  A scorpion (D:7)
  A killer bee (D:7)
  3 howler monkeys
  7 wights
  4 crimson imps
  A centaur zombie (D:6)
  7 hounds
  A jelly (D:6)
  A bullfrog zombie (D:8)
  4 orc priests
  2 centaur skeletons
  2 bullfrog skeletons
  Crazy Yiuf (D:6)
  An iguana (D:9)
  4 orc wizards
  Jessica (D:3)
  Ijyb (D:4)
  2 hell rats (D:7)
  7 worker ants
  A killer bee zombie (D:9)
  A hound zombie (D:8)
  2 hound skeletons
  A howler monkey zombie (D:5)
  15 gnolls
  8 river rats (D:7)
  17 adders
  A shadow imp (D:5)
  An ooze (D:4)
  An adder skeleton (D:7)
  3 adder zombies
  4 worms
  2 dart slugs (D:1)
  10 leopard geckos
  23 orcs
  A ball python (D:2)
  7 giant cockroaches
  27 goblins
  24 hobgoblins
  7 jackals
  10 quokkas
  6 bats
  4 frilled lizards
  20 kobolds
  A leopard gecko zombie (D:9)
  A quokka zombie (D:6)
  24 rats
  8 fungi (D:8)
  10 plants (D:8)
356 creatures vanquished.

Vanquished Creatures (collateral kills)
  A two-headed ogre (D:8)
  2 ogres (D:7)
  A bullfrog (D:8)
  3 killer bees (D:7)
  2 wights (D:7)
9 creatures vanquished.

Vanquished Creatures (others)
  A goblin (D:3)
  5 fungi (D:8)
  3 plants (D:8)
9 creatures vanquished.

Grand Total: 374 creatures vanquished

Notes
Turn   | Place    | Note
-------+----------+-------------------------------------------
     0 | D:1      | sking99 the Hill Orc Fighter began the quest for the Orb.
     0 | D:1      | Reached XP level 1. HP: 19/19 MP: 1/1
    46 | D:1      | Reached skill level 3 in Axes
    80 | D:1      | Reached XP level 2. HP: 26/27 MP: 2/2
   360 | D:1      | Reached skill level 4 in Axes
   447 | D:1      | Reached XP level 3. HP: 33/33 MP: 3/3
   682 | D:2      | Reached skill level 5 in Axes
   682 | D:2      | Reached XP level 4. HP: 16/41 MP: 4/4
  1166 | D:2      | Found an iron altar of Okawaru.
  1457 | D:2      | Reached XP level 5. HP: 42/47 MP: 5/5
  1755 | D:2      | Found a faded altar of an unknown god.
  2049 | D:2      | Became a worshipper of Trog the Wrathful
  2049 | D:2      | Reached * piety under Trog
  2266 | D:3      | Found a burning altar of Makhleb.
  2283 | D:3      | Reached skill level 5 in Fighting
  2283 | D:3      | Reached skill level 6 in Axes
  2513 | D:3      | Noticed Jessica
  2518 | D:3      | Killed Jessica
  3051 | D:3      | Reached XP level 6. HP: 47/56 MP: 6/6
  3101 | D:3      | Reached ** piety under Trog
  3120 | D:3      | Reached skill level 7 in Axes
  3436 | D:3      | Reached skill level 8 in Axes
  3436 | D:3      | Reached XP level 7. HP: 36/63 MP: 7/7
  4082 | D:4      | Noticed Edmund
  4096 | D:4      | Killed Edmund
  4096 | D:4      | Reached skill level 9 in Axes
  4454 | D:4      | Noticed Duvessa
  4457 | D:4      | Noticed Dowan
  4464 | D:4      | Killed Duvessa
  4466 | D:4      | Reached *** piety under Trog
  4466 | D:4      | Reached XP level 8. HP: 73/73 MP: 8/8
  4490 | D:4      | HP: 3/73 [Dowan/wand of flame (20) (2)]
  4897 | D:4      | Killed Dowan
  4897 | D:4      | Reached skill level 10 in Axes
  5067 | D:4      | Noticed Blork the orc
  5076 | D:4      | Killed Blork the orc
  5240 | D:4      | Noticed Ijyb
  5248 | D:4      | Killed Ijyb
  5451 | D:5      | Entered Level 5 of the Dungeon
  5625 | D:5      | Reached skill level 11 in Axes
  6025 | D:5      | Reached **** piety under Trog
  6129 | D:5      | Found a staircase to the Ecumenical Temple.
  6582 | D:6      | Reached skill level 12 in Axes
  6582 | D:6      | Reached XP level 9. HP: 35/82 MP: 9/9
  6974 | D:6      | Noticed Eustachio
  6979 | D:6      | Killed Eustachio
  7213 | D:6      | Reached skill level 13 in Axes
  7647 | D:6      | Found a runed door.
  8207 | D:6      | Noticed Crazy Yiuf
  8210 | D:6      | Killed Crazy Yiuf
  8292 | D:7      | Found Rumoew's Antique Armour Boutique.
  8323 | D:7      | Reached skill level 14 in Axes
  8507 | D:7      | Reached skill level 10 in Fighting
  8516 | D:7      | Reached XP level 10. HP: 88/93 MP: 10/10
  8657 | D:7      | Reached ***** piety under Trog
  8723 | D:7      | Received a gift from Trog
  9263 | D:7      | Reached skill level 15 in Axes
  9583 | D:7      | Bought a ruby-encrusted chain mail for 209 gold pieces
  9594 | D:7      | Identified the +3 chain mail "Woep" {rPois} (You bought it in a shop on level 7 of the Dungeon)
  9623 | D:8      | Found a shimmering altar of Xom.
  9623 | D:8      | Noticed a two-headed ogre
  9629 | D:8      | Killed a two-headed ogre
  9953 | D:8      | Found a staircase to the Lair.
  9983 | D:8      | Noticed eyesofgods1's ghost (novice DsFi)
 10004 | D:8      | Killed eyesofgods1's ghost
 10004 | D:8      | Reached skill level 16 in Axes
 10147 | D:8      | Reached XP level 11. HP: 92/104 MP: 11/11
 10531 | D:9      | Noticed a green ugly thing
 10543 | D:9      | Killed a green ugly thing
 10808 | D:9      | Found a staircase to the Orcish Mines.
 11071 | D:9      | Found Ufoy's Food Shop.
 11424 | D:10     | Entered Level 10 of the Dungeon
 11424 | D:10     | Noticed a two-headed ogre
 11432 | D:10     | Killed a two-headed ogre
 12711 | D:11     | Noticed Maurice
 12721 | D:11     | Noticed a two-headed ogre
 12741 | D:11     | HP: 5/160 [two-headed ogre/giant club (18)]
 12741 | D:11     | HP: 2/160 [two-headed ogre/giant club (3)]
 12742 | D:11     | Killed a two-headed ogre
 12742 | D:11     | Reached skill level 17 in Axes
 12742 | D:11     | Slain by a hippogriff

Skill      XL: |  1  2  3  4  5  6  7  8  9 10 11 |
---------------+----------------------------------+-----
Axes           | 3 4 5 6 8 9 12 14 16 17 | 17.0
Fighting       | 4 5 6 7 8 10 11 13 | 13.5
Armour         | 4 |  4.8
Shields        | |  3.2

Action                   |  1- 3 |  4- 6 |  7- 9 | 10-12 || total
-------------------------+-------+-------+-------+-------++-------
Melee: War axe           |   108 |   247 |   401 |   396 ||  1152
       Battleaxe         |       |       |       |    81 ||    81
Invok: Berserk           |       |       |     7 |     3 ||    10
       Brothers in Arms  |       |       |     1 |     6 ||     7
       Trog's Hand       |       |       |       |     1 ||     1
  Use: Scroll            |       |       |     8 |     8 ||    16
       Potion            |       |       |     1 |       ||     1
  Eat: Chunk             |       |     9 |    16 |    14 ||    39
       Ration            |       |       |     2 |     1 ||     3
Armor: Scale mail        |    39 |   114 |    25 |       ||   178
       Ring mail         |       |       |    96 |    45 ||   141
       Chain mail        |       |       |       |    97 ||    97
Dodge: Dodged            |    32 |    86 |    88 |    92 ||   298
Block: Shield            |    54 |   147 |   138 |   125 ||   464
